AoeStats
← Křovák

Arena

509312681Analyzed
1v1 RM · 6d ago on Sep 26, 2026· 49m 47s· 2 players
Game mode
Random Map
Map size
Tiny (2 player)
Population
200
Speed
Normal
Resources
Standard
Victory
Conquest
Starting age
Dark Age
Ending age
Imperial Age
RankedLock teamsTeams togetherTeam positionsShared explorationLock speedFull tech treeHidden civsTurbo modeCheats
Victory
Defeat
🇳🇿 Byzantines · New Zealand
820
+18
🇨🇿 Turks · Czechia
859
-18
Dr McClean
5:15 Loom
11:07 Feudal Age
11:58 Double-Bit Axe
13:27 Horse Collar
16:59 Castle Age
15:49 Scale Mail Armor
16:30 Gold Mining
17:31 Pikeman
18:13 Squires
20:10 Heavy Plow
21:44 Stone Mining
26:41 Wheelbarrow
26:51 Forging
27:57 Bow Saw
28:20 Gambesons
28:46 Scale Barding Armor
33:09 Imperial Age
31:51 Fletching
32:50 Ballistics
33:38 Chain Barding Armor
34:10 Gold Shaft Mining
35:21 Logistica
36:31 Murder Holes
37:25 Chain Mail Armor
37:57 Hand Cart
39:11 Bodkin Arrow
40:48 Hoardings
42:20 Bracer
42:56 Plate Barding Armor
43:49 Plate Mail Armor
43:55 Iron Casting
44:56 Elite Varangian Guard
45:17 Capped Ram
47:02 Elite Cataphract
48:40 Onager
Křovák
8:40 Loom
11:44 Feudal Age
16:37 Castle Age
22:44 Imperial Age
20:34 Double-Bit Axe
24:07 Horse Collar
26:17 Artillery
30:38 Bow Saw
33:11 Town Watch
34:07 Gold Mining
34:11 Stone Mining
35:54 Murder Holes
36:11 Fortified Wall
38:08 Fletching
38:48 Ballistics
40:17 Padded Archer Armor
42:50 Murder Holes
Connection lost

Rejoining the realm…

Still unreachable

The connection could not be restored.

Session expired

The server has moved on; the page needs a fresh start.